 Dungeon Crawl Stone Soup version 0.30.1-4-g462c640d31 (webtiles) character file.

Game seed: 624940302091360823

57 croobank the Chiller (level 3, -5/24 HPs)
             Began as a Demonspawn Ice Elementalist on Sept 13, 2023.
             Killed by divine providence
             ... invoked by an orc priest
              (11 damage)
             ... on level 2 of the Dungeon.
             The game lasted 00:03:58 (1807 turns).

croobank the Chiller (Demonspawn Ice Elementalist)  Turns: 1807, Time: 00:03:59

Health: -5/24      AC:  3    Str:  8    XL:     3   Next: 73%
Magic:  4/6        EV: 12    Int: 18    God:
Gold:   84         SH:  0    Dex: 13    Spells: 6/7 levels left

rFire   . . .        d - +3 dagger
rCold   . . .        (no shield)
rNeg    . . .        a - +0 robe
rPois   .            (no helmet)
rElec   .            g - +0 cloak
rCorr   .            (no gloves)
SInv    .            (no boots)
Will    .....        (no amulet)
Stlth   ++           (no ring)
HPRegen 0.24/turn    (no ring)
MPRegen 0.10/turn

%: no passive effects
@: no status effects
A: ignite blood 1, demonic touch 1
a: no special abilities


You were on level 2 of the Dungeon.
You visited 1 branch of the dungeon, and saw 2 of its levels.

You collected 84 gold pieces.

Inventory:

Hand Weapons
 c - a +0 short sword
 d - a +3 dagger (weapon)
Armour
 a - a +0 robe (worn)
 g - a +0 cloak (worn)
Scrolls
 f - a scroll of butterflies {unknown}
 h - a scroll of fog {unknown}
 j - a scroll of identify {unknown}
 k - a scroll of teleportation {unknown}
Potions
 b - a potion of magic
 e - a potion of attraction {unknown}
 i - a potion of brilliance {unknown}
 l - a potion of flight {unknown}


   Skills:
 + Level 2.4 Dodging
 + Level 2.4 Stealth
 + Level 2.5 Spellcasting
 + Level 3.9 Ice Magic


You had 6 spell levels left.
You knew the following spells:

 Your Spells              Type           Power      Damage    Failure   Level
a - Freeze                Ice            64%        1d7       3%          1

Your spell library contained the following spells:

 Spells                   Type           Power      Damage    Failure   Level
 Frozen Ramparts          Ice            32%        1d5       10%         3
 Ozocubu's Armour         Ice            16%        N/A       10%         3
 Summon Ice Beast         Ice/Summ       9%         N/A       58%         4


Dungeon Overview and Level Annotations

Branches:
Dungeon (2/15)

Altars:


Innate Abilities, Weirdness & Mutations

Your demonic aura sometimes causes spilled blood to erupt in flames.
Your touch may inflict minor irresistible damage on your foes.


Message History

Confirm with . or Enter, or press ? or * to list all spells.
Aiming: Freeze (safe; 3% risk of failure)
Press: ? - help, Shift-Dir - straight line, f/p - adder
Aim: an adder (almost dead, slow)
You freeze the adder!
You kill the adder!
You see here an adder corpse.
You start resting.
HP restored.
You start resting.
Magic restored.
You see here an adder corpse.
The orc priest shouts!
The orc priest invokes the aid of Beogh against you.
Beogh smites you!
You hear a shout!
You hear a shout! x2
You hear a shout!
You hit the orc priest.
The orc priest is moderately wounded.
The orc priest hits you with a +0 flail.
Casting: Freeze (safe; 3% risk of failure)
Confirm with . or Enter, or press ? or * to list all spells.
Aiming: Freeze (safe; 3% risk of failure)
Press: ? - help, Shift-Dir - straight line, f - orc priest
Aim: an orc priest, wielding a +0 flail (moderately wounded)
You freeze the orc priest.
The orc priest is severely wounded.
The orc priest calls down the wrath of Beogh upon you.
Beogh smites you!
* * * LOW HITPOINT WARNING * * *
Casting: Freeze (safe; 3% risk of failure)
Confirm with . or Enter, or press ? or * to list all spells.
Aiming: Freeze (safe; 3% risk of failure)
Press: ? - help, Shift-Dir - straight line, f/p - orc priest
Aim: an orc priest, wielding a +0 flail (severely wounded)
You freeze the orc priest.
The orc priest is almost dead.
The orc priest calls down the wrath of Beogh upon you.
Beogh smites you!
You die...

### #.. ## #.#
... #.# .... #o#
♣..#####@###### .
♣............##..
♣♣..............
♣♣..........##
♣♣.........#
♣.###.....#
♣♣†###.....#
♣...##.....#
♣..#.##.....#


You could see an orc priest.

Vanquished Creatures
  2 adders (D:2)
  A worm (D:2)
  A dart slug (D:2)
  2 endoplasms
  4 giant cockroaches
  4 goblins (D:1)
  A hobgoblin (D:1)
  3 quokkas
  4 ball pythons
  5 bats
  A frilled lizard (D:1)
  2 kobolds
  6 rats
36 creatures vanquished.

Notes
Turn   | Place    | Note
-------+----------+-------------------------------------------
     0 | D:1      | croobank the Demonspawn Ice Elementalist began the quest
                  | for the Orb.
     0 | D:1      | Reached XP level 1. HP: 13/13 MP: 3/3
   486 | D:1      | Gained mutation: Your touch may inflict minor irresistible
                  | damage on your foes. [demonic ancestry]
   486 | D:1      | Reached XP level 2. HP: 18/19 MP: 3/5
  1398 | D:2      | Gained mutation: Your demonic aura sometimes causes spilled
                  | blood to erupt in flames. [demonic ancestry]
  1398 | D:2      | Reached XP level 3. HP: 24/24 MP: 3/6
  1807 | D:2      | Killed from afar by an orc priest

Illustrated notes

Levels and vault maps discovered:
D:1:      heliophobic_arrival_enchanted_forest, layout_loops_corners,
          skrybe_limestone_x, chequers_serial_rivers_small_3
D:2:      layout_basic, dilly_ecumenical_altar_fadedgnrine

Skill      XL: |  1 |
---------------+----+-----
Stealth        | 2 |  2.4
Dodging        | 2 |  2.4
Spellcasting   | |  2.5
Ice Magic      | |  3.9

Action                     || total
---------------------------++-------
  Melee: Dagger            ||    45
         Touch             ||     2
   Cast: Freeze            ||    30
   Stab: Sleeping          ||     7
 Armour: Robe              ||    15
  Dodge: Dodged            ||    38
